 Dungeon Sprint DCSS version 0.17-a0-1719-g1afd5a1 (webtiles) character file.

10717 Kidiri the Unseen (level 11, -4/47 HPs)
             Began as a Spriggan Enchanter on Aug 27, 2015.
             Was the Champion of Dithmenos.
             Slain by Polyphemus (26 damage)
             ... in the Dungeon (Sprint III: "The Ten Rune Challenge").
             The game lasted 00:17:41 (2000 turns).

Kidiri the Unseen (Spriggan Enchanter)              Turns: 2000, Time: 00:17:41

Health: -4/47      AC:  4    Str:  4    XL:     11   Next: 39%
Magic:  12/29      EV: 32    Int: 19    God:    Dithmenos [******]
Gold:   29         SH:  0    Dex: 18    Spells: 10 memorised, 3 levels left

rFire  . . .     SeeInvis +     o - +1 dagger (venom)
rCold  . . .     Clarity  .     b - +1 robe
rNeg   . . .     SustAt   .     (shield restricted)
rPois  .         Gourm    .     (helmet restricted)
rElec  .         Spirit   .     n - +0 cloak
rCorr  .         Warding  .     (gloves unavailable)
rMut   .         NoTele   +     (boots unavailable)
MR     +....                    (no amulet)
Stlth  ++++++++++               (no ring)
                                (no ring)

@: wreathed by umbra, very quick, somewhat resistant to hostile enchantments,
uncannily stealthy
A: unfitting armour, see invisible, herbivore 3, speed 3, slow metabolism 2
a: Shadow Step, Shadow Form, Renounce Religion


You were in the Dungeon.
You worshipped Dithmenos.
Dithmenos was exalted by your worship.
You were not hungry.

You visited 1 branch You collected 29 gold pieces.

Inventory:

Hand weapons
 a - a +1 dagger
 o - a +1 dagger of venom (weapon)
Missiles
 q - 10 throwing nets (quivered)
Armour
 b - a +1 robe (worn)
 n - a +0 cloak (worn)
Magical devices
 l - a wand of magic darts (17)
 p - a wand of polymorph (22)
Scrolls
 j - a scroll of blinking
 r - 4 scrolls of remove curse
Potions
 e - 2 potions of curing
 g - a potion of haste
 h - 3 potions of magic
 k - a potion of berserk rage
 m - a potion of might
 v - 2 potions of flight
Books
 i - a book of the Sky

   Spells                             Type                      Level
   a - Summon Lightning Spire         Summoning/Air                4
   b - Airstrike                      Air                          4
   c - Silence                        Hexes/Air                    5
   d - Deflect Missiles               Charms/Air                   6
   e - Conjure Ball Lightning         Conjuration/Air              6
   f - Tornado                        Air                          9
Comestibles
 c - 28 royal jellies
 d - 2 bread rations
 s - 8 fruits


   Skills:
 + Level 9.2 Short Blades
 * Level 15.9 Dodging
 * Level 17.5 Stealth
 * Level 13.8 Spellcasting
 + Level 5.9 Conjurations
 + Level 10.5 Hexes
 + Level 9.6 Translocations
 + Level 8.0 Transmutations
 + Level 6.7 Ice Magic
 + Level 4.9 Air Magic
 + Level 5.4 Earth Magic
 - Level 3.0 Invocations


You had 3 spell levels left.
You knew the following spells:

 Your Spells              Type           Power        Failure   Level  Hunger
a - Corona                Hex            ######.      1%          1    None
b - Ensorcelled Hibernat  Hex/Ice        #####.       1%          2    None
c - Confuse               Hex            ######..     1%          3    None
d - Tukima's Dance        Hex            ######..     1%          3    None
e - Dazzling Spray        Conj/Hex       #####...     1%          3    None
f - Gell's Gravitas       Hex/Tloc       ######....   1%          3    None
g - Metabolic Englaciati  Hex/Ice        #####.....   4%          5    ####...
h - Petrify               Trmt/Erth      #####...     3%          4    None
i - Airstrike             Air            ####......   10%         4    None
j - Conjure Ball Lightni  Conj/Air       ####......   87%         6    #####..


Dungeon Overview and Level Annotations

Branches:
Dungeon (1/1)

Altars:
Cheibriados
Dithmenos
Elyvilon
Fedhas
Gozag
Kikubaaqudgha
Makhleb
Nemelex Xobeh
Okawaru
Qazlal
Ru
Sif Muna
Trog
Vehumet
Xom
Yredelemnul
Zin
The Shining One
Jiyva
Lugonu

Annotations:
D Ilsuiw, Polyphemus


Innate Abilities, Weirdness & Mutations

You are tiny and cannot use many weapons and most armour.
You have supernaturally acute eyesight.
You are a herbivore.
You cover ground extremely quickly.
You need consume almost no food.


Message History

Confirm with . or Enter, or press ? or * to list all spells.
Aiming: Confuse
Press: ? - help, Shift-Dir - straight line, f/p - Polyphemus
Aim: Polyphemus (umbra, chance to defeat MR: 38%) Polyphemus appears confused.
You hit Polyphemus.
Polyphemus is lightly wounded.
Your shadow hits Polyphemus but does no damage.
You hit Polyphemus but do no damage.
Polyphemus is lightly wounded.
Polyphemus misses you. Polyphemus barely misses you.
You hit Polyphemus.
Polyphemus is poisoned.
Polyphemus is lightly wounded.
Your shadow hits Polyphemus but does no damage.
You barely miss Polyphemus.
Polyphemus is lightly wounded.
Your shadow hits Polyphemus but does no damage.
Polyphemus completely misses you. Polyphemus hits you!!
Ouch! That really hurt!
You die...

#%%♣♣ ♣♣♣##+####
###'♣♣♣♣♣♣♣♣♣♣♣♣♣♣♣
♣♣♣♣.##.%##≈≈≈≈≈≈.%#
♣...##.##.#≈≈≈≈≈..%#
♣♣.##%##.##'≈≈≈≈≈####+#
♣..#.##...#≈≈..§§§§§§#
♣♣.##.##.)#§§§+#######
♣♣.##.#####§§§#....))#
♣%..§.##%YC@§§#♣♣♣._)#
########(#############
▓≈≈≈≈≈≈≈≈≈≈≈
▓≈≈≈≈≈≈≈≈≈≈≈
▓≈≈≈CY≈≈≈≈≈.
▓≈≈.YY.≈≈≈..
▓≈≈≈..≈≈≈≈≈.
▓≈≈≈≈≈≈≈≈≈≈.
▓≈≈≈≈≈≈≈≈≈≈≈


You could see Polyphemus (confused) and a sheep.

Vanquished Creatures
  Maud (D)
  Erolcha (D)
  2 hydras (D)
  A death drake (D)
  A spriggan druid (D)
  A lindwurm (D)
  2 spiny frogs (D)
  A komodo dragon (D)
  A deep elf priest (D)
  3 wandering mushrooms (D)
  A queen bee (D)
  2 trapdoor spiders (D)
  A shadow (D)
  2 spriggans (D)
  4 redbacks (D)
  2 hill giants (D)
  A spatial vortex (D)
  A necrophage (D)
  2 brain worms (D)
  A two-headed ogre (D)
  A water elemental (D)
  32 killer bees (D)
  An electric eel (D)
  Crazy Yiuf (D)
  A jelly (D)
  Jessica (D)
  A necromancer (D)
  A wizard (D)
  3 humans (D)
  A kobold demonologist (D)
  An ooze (D)
  2 rats (D)
77 creatures vanquished.

Vanquished Creatures (collateral kills)
  2 two-headed ogres (D)
2 creatures vanquished.

Vanquished Creatures (others)
  2 draconian scorchers (D)
  2 yaktaurs (D)
4 creatures vanquished.

Grand Total: 83 creatures vanquished

Notes
Turn   | Place    | Note
--------------------------------------------------------------
     0 | D        | Kidiri the Spriggan Enchanter began the quest for the Orb.
     0 | D        | Reached XP level 1. HP: 9/9 MP: 5/5
    11 | D        | Reached skill level 5 in Stealth
    32 | D        | Noticed Jessica
    38 | D        | Killed Jessica
    38 | D        | Reached skill level 5 in Dodging
    38 | D        | Reached skill level 6 in Stealth
    38 | D        | Reached XP level 2. HP: 13/13 MP: 6/8
    38 | D        | Reached XP level 3. HP: 16/16 MP: 6/9
    42 | D        | Learned a level 2 spell: Ensorcelled Hibernation
    46 | D        | Learned a level 3 spell: Confuse
    50 | D        | Learned a level 3 spell: Tukima's Dance
    75 | D        | Killed a yaktaur
    92 | D        | Noticed Crazy Yiuf
   190 | D        | Killed Crazy Yiuf
   190 | D        | Reached skill level 7 in Stealth
   190 | D        | Reached skill level 5 in Spellcasting
   196 | D        | Reached skill level 5 in Hexes
   196 | D        | Reached skill level 1 in Ice Magic
   196 | D        | Reached XP level 4. HP: 18/21 MP: 3/12
   203 | D        | Learned a level 3 spell: Dazzling Spray
   210 | D        | Killed a white draconian scorcher
   228 | D        | Gained mutation: You have an increased reservoir of magic (+10% MP). [potion of mutation]
   228 | D        | Gained mutation: Your body sometimes deteriorates upon taking damage. [potion of mutation]
   228 | D        | Gained mutation: You tend to lose your temper in combat. [potion of mutation]
   229 | D        | Lost mutation: You have an increased reservoir of magic (+10% MP). [potion of mutation]
   229 | D        | Gained mutation: You occasionally shout uncontrollably at your foes. [potion of mutation]
   243 | D        | Killed a white draconian scorcher
   268 | D        | Noticed a water elemental
   289 | D        | Killed a water elemental
   289 | D        | Reached skill level 8 in Stealth
   289 | D        | Reached skill level 1 in Conjurations
   289 | D        | Reached XP level 5. HP: 24/24 MP: 1/14
   386 | D        | Noticed a jelly
   387 | D        | Noticed a shadow
   389 | D        | Killed a shadow
   389 | D        | Reached skill level 9 in Dodging
   389 | D        | Reached skill level 10 in Stealth
   389 | D        | Reached XP level 6. HP: 28/28 MP: 14/17
   393 | D        | Killed a jelly
   412 | D        | Found a stormy altar of Qazlal.
   412 | D        | Noticed a spatial vortex
   413 | D        | Found a sacrificial altar of Ru.
   413 | D        | Found a burning altar of Makhleb.
   413 | D        | Found a viscous altar of Jiyva.
   413 | D        | Found a shimmering altar of Xom.
   413 | D        | Found a shadowy altar of Dithmenos.
   413 | D        | Found a sparkling altar of Nemelex Xobeh.
   413 | D        | Found a corrupted altar of Lugonu.
   413 | D        | Found an opulent altar of Gozag.
   417 | D        | Became a worshipper of Dithmenos the Shadowed
   424 | D        | Killed a spatial vortex
   424 | D        | Reached skill level 5 in Short Blades
   424 | D        | Reached skill level 11 in Stealth
   424 | D        | Reached skill level 1 in Invocations
   444 | D        | Killed a yaktaur
   445 | D        | Found a radiant altar of Vehumet.
   446 | D        | Found a deep blue altar of Sif Muna.
   446 | D        | Found an ancient bone altar of Kikubaaqudgha.
   446 | D        | Noticed a wizard
   447 | D        | Killed a wizard
   447 | D        | Reached skill level 10 in Dodging
   464 | D        | Learned a level 3 spell: Gell's Gravitas
   470 | D        | Learned a level 5 spell: Metabolic Englaciation
   476 | D        | Found a glowing silver altar of Zin.
   477 | D        | Found a glowing golden altar of the Shining One.
   477 | D        | Found a white marble altar of Elyvilon.
   477 | D        | Noticed a deep elf priest
   479 | D        | Killed a deep elf priest
   479 | D        | Reached skill level 12 in Stealth
   479 | D        | Reached XP level 7. HP: 32/32 MP: 18/20
   487 | D        | Lost mutation: You tend to lose your temper in combat. [potion of cure mutation]
   487 | D        | Lost mutation: Your body sometimes deteriorates upon taking damage. [potion of cure mutation]
   487 | D        | Lost mutation: You occasionally shout uncontrollably at your foes. [potion of cure mutation]
   491 | D        | Found an iron altar of Okawaru.
   492 | D        | Found a bloodstained altar of Trog.
   492 | D        | Noticed a human
   492 | D        | Noticed a human
   494 | D        | Killed a human
   495 | D        | Killed a human
   495 | D        | Acquired Dithmenos's first power
   495 | D        | Reached XP level 8. HP: 36/36 MP: 20/22
   518 | D        | Learned a level 4 spell: Petrify
   539 | D        | Found a snail-covered altar of Cheibriados.
   539 | D        | Noticed a necrophage
   540 | D        | Found a basalt altar of Yredelemnul.
   540 | D        | Found a blossoming altar of Fedhas.
   540 | D        | Noticed a necromancer
   541 | D        | Killed a necrophage
   542 | D        | Killed a necromancer
   542 | D        | Reached skill level 1 in Transmutations
   560 | D        | Noticed a two-headed ogre
   560 | D        | Noticed a two-headed ogre
   573 | D        | Killed a two-headed ogre
   579 | D        | Killed a two-headed ogre
   579 | D        | Reached skill level 10 in Spellcasting
   584 | D        | Noticed a two-headed ogre
   589 | D        | Noticed a hill giant
   589 | D        | Killed a two-headed ogre
   589 | D        | Acquired Dithmenos's second power
   589 | D        | Reached skill level 13 in Stealth
   589 | D        | Reached skill level 1 in Earth Magic
   598 | D        | Killed a hill giant
   717 | D        | Noticed a hill giant
   717 | D        | Noticed Erolcha
   719 | D        | Killed Erolcha
   719 | D        | Reached skill level 5 in Translocations
   719 | D        | Reached XP level 9. HP: 39/39 MP: 24/24
   720 | D        | Killed a hill giant
   720 | D        | Reached skill level 14 in Stealth
   730 | D        | Learned a level 4 spell: Airstrike
   732 | D        | Noticed a redback
   734 | D        | Noticed a trapdoor spider
   738 | D        | Killed a trapdoor spider
   738 | D        | Acquired Dithmenos's third power
   756 | D        | Killed a redback
   756 | D        | Reached skill level 5 in Ice Magic
   756 | D        | Reached skill level 1 in Air Magic
   763 | D        | Noticed a trapdoor spider
   766 | D        | Killed a trapdoor spider
   839 | D        | Noticed a killer bee
   839 | D        | Noticed a killer bee
   839 | D        | Noticed a killer bee
   839 | D        | Noticed a killer bee
   839 | D        | Noticed a killer bee
   839 | D        | Noticed a killer bee
   839 | D        | Noticed a killer bee
   839 | D        | Noticed a killer bee
   839 | D        | Noticed a queen bee
   839 | D        | Noticed a killer bee
   839 | D        | Noticed a killer bee
   839 | D        | Noticed a killer bee
   839 | D        | Noticed a killer bee
   839 | D        | Noticed a killer bee
   839 | D        | Noticed a killer bee
   840 | D        | Noticed a killer bee
   840 | D        | Noticed a killer bee
   840 | D        | Noticed a killer bee
   840 | D        | Noticed a killer bee
   840 | D        | Noticed a killer bee
   840 | D        | Noticed a killer bee
   840 | D        | Noticed a killer bee
   840 | D        | Noticed a killer bee
   840 | D        | Noticed a killer bee
   840 | D        | Noticed a killer bee
   840 | D        | Noticed a killer bee
   840 | D        | Noticed a killer bee
   840 | D        | Noticed a killer bee
   840 | D        | Noticed a killer bee
   840 | D        | Noticed a killer bee
   840 | D        | Noticed a killer bee
   840 | D        | Noticed a killer bee
   840 | D        | Noticed a killer bee
   841 | D        | Killed a killer bee
   842 | D        | Killed a killer bee
   844 | D        | Killed a killer bee
   844 | D        | Acquired Dithmenos's fourth power
   845 | D        | Killed a killer bee
   847 | D        | Killed a queen bee
   851 | D        | Killed a killer bee
   853 | D        | Killed a killer bee
   856 | D        | Killed a killer bee
   858 | D        | Killed a killer bee
   860 | D        | Killed a killer bee
   862 | D        | Killed a killer bee
   866 | D        | Killed a killer bee
   866 | D        | Reached skill level 5 in Transmutations
   868 | D        | Killed a killer bee
   870 | D        | Killed a killer bee
   874 | D        | Killed a killer bee
   884 | D        | Killed a killer bee
   884 | D        | Reached skill level 15 in Stealth
   897 | D        | Killed a killer bee
  1030 | D        | Killed a killer bee
  1034 | D        | Killed a killer bee
  1045 | D        | Killed a killer bee
  1052 | D        | Killed a killer bee
  1299 | D        | Killed a killer bee
  1305 | D        | Killed a killer bee
  1307 | D        | Killed a killer bee
  1307 | D        | Reached XP level 10. HP: 37/44 MP: 16/27
  1311 | D        | Killed a killer bee
  1313 | D        | Killed a killer bee
  1315 | D        | Killed a killer bee
  1317 | D        | Killed a killer bee
  1450 | D        | Killed a killer bee
  1453 | D        | Killed a killer bee
  1470 | D        | Killed a killer bee
  1471 | D        | Killed a killer bee
  1475 | D        | Killed a killer bee
  1623 | D        | Noticed a wandering mushroom
  1624 | D        | Noticed a wandering mushroom
  1624 | D        | Noticed a wandering mushroom
  1639 | D        | Killed a wandering mushroom
  1677 | D        | Killed a wandering mushroom
  1679 | D        | Killed a wandering mushroom
  1679 | D        | Reached skill level 5 in Conjurations
  1775 | D        | Noticed a spiny frog
  1775 | D        | Noticed a komodo dragon
  1775 | D        | Noticed a spiny frog
  1778 | D        | Killed a spiny frog
  1779 | D        | Killed a komodo dragon
  1780 | D        | Killed a spiny frog
  1780 | D        | Reached skill level 16 in Stealth
  1786 | D        | Noticed a redback
  1788 | D        | Killed a redback
  1789 | D        | Noticed a brain worm
  1792 | D        | Killed a brain worm
  1795 | D        | Noticed a brain worm
  1797 | D        | Killed a brain worm
  1803 | D        | Noticed a lindwurm
  1805 | D        | Noticed a redback
  1811 | D        | Killed a lindwurm
  1813 | D        | Killed a redback
  1838 | D        | Noticed a redback
  1841 | D        | Killed a redback
  1888 | D        | Noticed Maud
  1890 | D        | Killed Maud
  1890 | D        | Reached skill level 15 in Dodging
  1890 | D        | Reached skill level 10 in Hexes
  1890 | D        | Reached XP level 11. HP: 47/47 MP: 27/29
  1900 | D        | Learned a level 6 spell: Conjure Ball Lightning
  1901 | D        | Noticed an electric eel
  1902 | D        | Noticed a five-headed hydra
  1902 | D        | Noticed a four-headed hydra
  1903 | D        | Killed an electric eel
  1905 | D        | Killed a five-headed hydra
  1905 | D        | Reached skill level 17 in Stealth
  1906 | D        | Killed a four-headed hydra
  1906 | D        | Reached skill level 5 in Earth Magic
  1918 | D        | Noticed a death drake
  1921 | D        | Killed a death drake
  1931 | D        | Found a blossoming altar of Fedhas.
  1931 | D        | Noticed a spriggan
  1931 | D        | Noticed a spriggan druid
  1931 | D        | Noticed a spriggan
  1933 | D        | Killed a spriggan druid
  1934 | D        | Killed a spriggan
  1935 | D        | Killed a spriggan
  1980 | D        | Noticed Polyphemus
  1981 | D        | Noticed Ilsuiw
  2000 | D        | Slain by Polyphemus

Vault maps used:
D:        dungeon_sprint_mu

Action                   |  1- 3 |  4- 6 |  7- 9 | 10-12 || total
-------------------------+-------+-------+-------+-------++-------
Melee: Dagger            |    18 |    10 |    68 |    41 ||   137
 Cast: Ensorcelled Hiber |     5 |       |    30 |    13 ||    48
       Confuse           |     1 |       |       |     2 ||     3
       Corona            |     1 |       |       |       ||     1
       Dazzling Spray    |       |     2 |     3 |    12 ||    17
       Tukima's Dance    |       |       |     6 |       ||     6
Invok: Shadow Step       |       |       |       |     6 ||     6
  Use: Potion            |       |     4 |     1 |     2 ||     7
       Scroll            |       |     4 |       |       ||     4
 Stab: Sleeping          |     7 |     6 |    31 |    21 ||    65
